 Seeded DCSS version 0.27-a0-1191-g601b473118 (webtiles) character file.

Game seed: 13002031631117332255 (custom seed)

86172 flotson the Covert (level 15, -14/120 HPs)
             Began as a Gnoll Delver on May 24, 2021.
             Was an Initiate of Gozag.
             Killed from afar by an ice dragon (45 damage)
             ... with a blast of cold
             ... on level 6 of the Lair of Beasts.
             The game lasted 01:02:05 (25610 turns).

flotson the Covert (Gnoll Delver)                  Turns: 25610, Time: 01:02:05

Health: -14/120    AC: 19    Str: 17    XL:     15   Next: 86%
Magic:  29/29      EV: 15    Int: 10    God:    Gozag
Gold:   2993       SH: 12    Dex: 20    Spells: 34/34 levels left

rFire    + . .     SeeInvis .   a - +2 broad axe (vamp)
rCold    . . .     Faith    .   E - +0 kite shield
rNeg     + . .     Spirit   .   R - +3 scale mail {Will+}
rPois    .         Reflect  .   v - +0 helmet
rElec    .         Harm     .   T - +1 cloak {rF+}
rCorr    .         Rampage  .   s - +0 pair of gloves
Will     ++...                  w - +1 pair of boots {Fly}
Stlth    ++++......             f - amulet of regeneration
HPRegen  1.30/turn              O - +6 ring of dexterity
MPRegen  0.21/turn              I - ring of positive energy

@: flying
A: fangs 1, strong nose, distributed training
a: Renounce Religion, Potion Petition, Call Merchant, Bribe Branch


You were on level 6 of the Lair of Beasts.
You worshipped Gozag.
Gozag was most pleased with you.
You visited 3 branches of the dungeon, and saw 17 of its levels.
You also visited: Bailey and Volcano.

You collected 6058 gold pieces.
You spent 924 gold pieces at shops.
You paid 2141 gold pieces to Gozag.

Inventory:

Hand Weapons
 a - a +2 vampiric broad axe (weapon)
 b - the +3 sling "Punk" {acid, rCorr}
   (You found it on level 4 of the Dungeon)

   It protects you from acid and corrosion.
 c - the +2 Maxwell's thermic engine {flame, freeze}
   (You bought it in a shop on level 4 of the Dungeon)

   It has been specially enchanted to burn those struck by it, causing extra
   injury to most foes and up to half again as much damage against particularly
   susceptible opponents.
   Big, fiery blades are also staple armaments of hydra-hunters.
   It has been specially enchanted to freeze those struck by it, causing extra
   injury to most foes and up to half again as much damage against particularly
   susceptible opponents.
   It becomes more effective when it hits something.
   This effect fades over time.
Missiles
 n - 19 sling bullets
 p - 111 poisoned darts
 B - a throwing net
 D - 2 curare-tipped darts
 K - 54 boomerangs
 N - 363 stones
Armour
 s - a +0 pair of gloves (worn)
 v - a +0 helmet (worn)
 w - a +1 pair of boots of flying (worn)
 E - a +0 kite shield (worn)
 G - a +2 ring mail of cold resistance
 R - a +3 scale mail of willpower (worn)
 T - a +1 cloak of fire resistance (worn)
Jewellery
 f - an amulet of regeneration (around neck)
 I - a ring of positive energy (right hand)
 O - a +6 ring of dexterity (left hand)
Wands
 g - a wand of digging (9)
 k - a wand of paralysis (9)
 L - a wand of iceblast (3)
 M - a wand of flame (51)
 X - a wand of polymorph (17)
Scrolls
 d - a scroll of magic mapping
 e - 5 scrolls of fear
 j - 6 scrolls of immolation
 o - 3 scrolls of enchant armour
 q - 7 scrolls of teleportation
 t - a scroll of summoning
 x - 4 scrolls of holy word
 P - 3 scrolls of blinking
 Q - 2 scrolls of silence
 S - 6 scrolls of fog
Potions
 h - a potion of might
 i - a potion of cancellation
 l - 4 potions of heal wounds {unknown}
 m - 2 potions of ambrosia
 r - 2 potions of attraction
 u - 5 potions of lignification
 z - 2 potions of invisibility
 A - 2 potions of curing
 C - a potion of resistance
 F - 3 potions of mutation
 H - 2 potions of berserk rage
 J - 2 potions of haste
Miscellaneous
 U - a phial of floods


   Skills:
 + Level 11.9 Fighting
 + Level 10.2 Short Blades
 + Level 10.2 Long Blades
 + Level 10.2 Axes
 + Level 10.2 Maces & Flails
 + Level 11.1 Polearms
 + Level 10.2 Staves
 + Level 10.2 Slings
 + Level 10.2 Bows
 + Level 10.2 Crossbows
 + Level 10.2 Throwing
 + Level 10.2 Armour
 + Level 11.1 Dodging
 + Level 13.4 Stealth
 + Level 10.2 Shields
 + Level 10.2 Unarmed Combat
 + Level 10.2 Spellcasting
 + Level 8.6 Conjurations
 + Level 8.6 Hexes
 + Level 8.6 Summonings
 + Level 8.6 Necromancy
 + Level 8.6 Translocations
 + Level 8.6 Transmutations
 + Level 8.6 Fire Magic
 + Level 8.6 Ice Magic
 + Level 8.6 Air Magic
 + Level 8.6 Earth Magic
 + Level 8.6 Poison Magic
 + Level 11.0 Invocations
 + Level 10.2 Evocations


You had 34 spell levels left.
You didn't know any spells.
Your spell library contained the following spells:

 Spells                   Type           Power      Damage    Failure   Level
 Corona                   Hex            24%        N/A       1%          1
 Sandblast                Erth           44%        2d11      1%          1
 Summon Small Mammal      Summ           88%        N/A       1%          1
 Call Imp                 Summ           22%        N/A       3%          2
 Ensorcelled Hibernation  Hex/Ice        44%        N/A       3%          2
 Passwall                 Tmut/Erth      18%        N/A       3%          2
 Call Canine Familiar     Summ           22%        N/A       6%          3
 Confusing Touch          Hex            22%        N/A       6%          3
 Dazzling Flash           Conj/Hex       44%        N/A       6%          3
 Stone Arrow              Conj/Erth      44%        3d9       6%          3
 Summon Guardian Golem    Hex/Summ       22%        N/A       6%          3
 Tukima's Dance           Hex            22%        N/A       6%          3
 Petrify                  Tmut/Erth      22%        N/A       19%         4
 Summon Ice Beast         Ice/Summ       22%        N/A       19%         4
 Summon Lightning Spire   Summ/Air       22%        N/A       19%         4
 Lee's Rapid Deconstruct  Erth           11%        3d9*      47%         5


Dungeon Overview and Level Annotations

Branches:
Dungeon (10/15)            Temple (1/1) D:6            Lair (6/6) D:8
  Swamp (0/4) Lair:2       Spider (0/4) Lair:2        Slime (0/5) Lair:6
    Orc (0/2) D:9          Bailey (visited)         Volcano (visited)

Altars:
Ashenzari
Cheibriados
Dithmenos
Elyvilon
Fedhas
Gozag
Hepliaklqana
Kikubaaqudgha
Makhleb
Nemelex Xobeh
Qazlal
Sif Muna
Uskayaw
Vehumet
Yredelemnul
Zin
Jiyva

Shops:
D:4 (   D:7 :

Annotations:
Lair:6 2 runed translucent doors


Innate Abilities, Weirdness & Mutations

You have very sharp teeth.
Your uncanny sense of smell can sniff out nearby items.
Your experience applies equally to all skills.


Message History

Your scale mail prevents you from hitting the ice dragon.
You bite the ice dragon.
The ice dragon is lightly wounded.
The ice dragon misses you. You block the ice dragon's attack.
The ice dragon tramples you.
You hold your ground!
The ice dragon breathes frost at you. The blast of cold hits you!!
You are too injured to fight recklessly!
You slice the ice dragon!!
You feel better.
You bite the ice dragon.
The ice dragon is moderately wounded.
You block the ice dragon's attack. The ice dragon claws you.
The ice dragon tramples you.
You hold your ground!
You hit the ice dragon.
You feel better.
The ice dragon is heavily wounded.
The ice dragon is no longer covered in acid.
The ice dragon bites you but does no damage.
The ice dragon closely misses you.
The ice dragon tramples you but does no damage.
You slash the ice dragon!
The ice dragon is heavily wounded.
The ice dragon breathes frost at you. The blast of cold hits you!!!
* * * LOW HITPOINT WARNING * * *
You slash the ice dragon!
You feel better.
The ice dragon is severely wounded.
You block the ice dragon's attack. The ice dragon barely misses you.
You block the ice dragon's attack.
You slash the ice dragon!
The ice dragon is severely wounded.
The ice dragon misses you. You block the ice dragon's attack.
The ice dragon tramples you but does no damage.
The ice dragon barely misses you.
The ice dragon claws you but does no damage.
The ice dragon misses you.
You hit the ice dragon.
You feel better.
The ice dragon is severely wounded.
The ice dragon breathes frost at you. The blast of cold hits you!!!
You die...
Your body crumbles into a pile of gold.

..##...D......#...##
...#.............##
#####...........##
............#
...P....#....#
..............#
#..........P.P.#
.P..........#P.##
................@#
.............D##
###........##.#..
#................
#..........P.(..#
#...............#
##.........P(.....
#...........(...#
................#


You could see an ice dragon (catching breath).

Vanquished Creatures
  12 hydras
  A boulder beetle (Lair:5)
  25 death yaks
  A bog body (Lair:2)
  An obsidian statue (Volcano)
  A lindwurm (Lair:6)
  An orc sorcerer (Volcano)
  An ugly thing (Volcano)
  2 orc knights (Bailey)
  2 oklob plants (Lair:4)
  2 cyclopes (D:10)
  5 black mambas
  An ice statue (Lair:6)
  6 elephants (Lair:5)
  2 molten gargoyles (Lair:6)
  15 cane toads
  3 torpor snails
  A smoke demon (Volcano)
  2 unseen horrors (D:9)
  4 rime drakes
  2 kobold demonologists (D:10)
  7 komodo dragons
  A troll (D:10)
  5 polar bears
  A hornet (D:8)
  20 blink frogs
  4 dream sheep (Lair:5)
  4 slime creatures
  62 yaks
  7 fire bats (Volcano)
  7 basilisks
  9 wyverns
  4 steam dragons
  2 swamp worms (Lair:2)
  5 hell hounds
  An acid dragon (D:9)
  18 water moccasins
  16 orc warriors
  4 ice beasts
  A sky beast (D:6)
  2 black bears
  20 wolves
  An ogre (D:5)
  7 centaurs
  4 necrophages
  A phantom (D:6)
  5 kobold brigands
  19 bullfrogs
  3 scorpions
  2 gnoll sergeants
  2 wyvern skeletons
  3 centaur zombies
  4 electric eels
  8 howler monkeys
  2 bullfrog zombies
  12 lava snakes
  3 hounds
  9 orc priests
  A gnoll shaman (D:6)
  A bullfrog skeleton (D:6)
  9 orc wizards
  3 hound skeletons
  23 gnolls
  3 adders
  5 white imps
  An ufetubus (D:6)
  An adder skeleton (D:5)
  A worm (D:3)
  5 dart slugs
  34 orcs
  11 endoplasms
  9 giant cockroaches
  9 goblins
  14 hobgoblins
  2 jackals (D:2)
  45 kobolds
  2 quokkas
  8 ball pythons
  5 bats
  2 frilled lizards
  13 rats
582 creatures vanquished.

Vanquished Creatures (others)
  An orc wizard (D:4)
  2 orcs (D:4)
  A bush (Lair:6)
  50 fungi
  47 plants
101 creatures vanquished.

Grand Total: 683 creatures vanquished

Notes
Turn   | Place    | Note
-------+----------+-------------------------------------------
     0 | D:5      | Reached skill level 9 in Stealth
     0 | D:5      | flotson the Gnoll Delver began the quest for the Orb.
     0 | D:5      | Reached XP level 1. HP: 23/23 MP: 1/1
   151 | D:5      | Noticed a centaur
   200 | D:4      | Killed an orc wizard
   211 | D:4      | Reached XP level 2. HP: 14/29 MP: 2/2
   425 | D:4      | Found Suithri's Antique Weapon Shoppe.
   453 | D:4      | Found the +3 sling "Punk" {acid, rCorr}
   760 | D:3      | Reached XP level 3. HP: 35/35 MP: 3/3
   847 | D:3      | Reached skill level 1 in Invocations
   882 | D:3      | Reached skill level 1 in Short Blades
   882 | D:3      | Reached skill level 1 in Long Blades
   882 | D:3      | Reached skill level 1 in Axes
   882 | D:3      | Reached skill level 1 in Maces & Flails
   882 | D:3      | Reached skill level 1 in Staves
   882 | D:3      | Reached skill level 1 in Slings
   882 | D:3      | Reached skill level 1 in Bows
   882 | D:3      | Reached skill level 1 in Crossbows
   882 | D:3      | Reached skill level 1 in Throwing
   882 | D:3      | Reached skill level 1 in Armour
   882 | D:3      | Reached skill level 1 in Shields
   882 | D:3      | Reached skill level 1 in Unarmed Combat
   882 | D:3      | Reached skill level 1 in Spellcasting
   882 | D:3      | Reached skill level 1 in Evocations
  1080 | D:3      | Reached XP level 4. HP: 41/41 MP: 5/5
  1601 | D:1      | Reached skill level 1 in Conjurations
  1601 | D:1      | Reached skill level 1 in Hexes
  1601 | D:1      | Reached skill level 1 in Summonings
  1601 | D:1      | Reached skill level 1 in Necromancy
  1601 | D:1      | Reached skill level 1 in Translocations
  1601 | D:1      | Reached skill level 1 in Transmutations
  1601 | D:1      | Reached skill level 1 in Fire Magic
  1601 | D:1      | Reached skill level 1 in Ice Magic
  1601 | D:1      | Reached skill level 1 in Air Magic
  1601 | D:1      | Reached skill level 1 in Earth Magic
  1601 | D:1      | Reached skill level 1 in Poison Magic
  1634 | D:1      | You are sucked into a shaft and drop 1 floor!
  2261 | D:2      | Reached XP level 5. HP: 47/47 MP: 6/6
  2340 | D:2      | Found a faded altar of an unknown god.
  3359 | D:4      | Noticed a black bear
  3364 | D:4      | Killed a black bear
  3365 | D:4      | Reached skill level 5 in Polearms
  3365 | D:4      | Reached skill level 5 in Dodging
  3365 | D:4      | Reached XP level 6. HP: 53/53 MP: 8/8
  4092 | D:5      | Reached XP level 7. HP: 59/59 MP: 10/10
  4336 | D:5      | Reached skill level 10 in Stealth
  4336 | D:5      | Reached XP level 8. HP: 61/67 MP: 12/12
  4993 | D:6      | Found a staircase to the Ecumenical Temple.
  5002 | Temple   | Entered the Ecumenical Temple
  5055 | Temple   | Became a worshipper of Gozag Ym Sagoz the Greedy
  5180 | D:6      | Reached XP level 9. HP: 73/73 MP: 14/14
  6242 | D:7      | Reached skill level 5 in Invocations
  6484 | D:7      | Found Fiuxuicail's Book Shop.
  6891 | D:8      | Found a broken altar of Ashenzari.
  6895 | D:8      | Saw a vision of the Swamp and the Spider Nest.
  6895 | D:8      | Noticed a wolf spider
  6908 | D:8      | Reached XP level 10. HP: 80/80 MP: 17/17
  6964 | D:8      | Noticed a death yak
  6971 | D:8      | Noticed a death yak
  6973 | D:8      | Noticed a death yak
  6981 | D:8      | Killed a death yak
  6982 | D:8      | Reached skill level 5 in Short Blades
  6982 | D:8      | Reached skill level 5 in Long Blades
  6982 | D:8      | Reached skill level 5 in Axes
  6982 | D:8      | Reached skill level 5 in Maces & Flails
  6982 | D:8      | Reached skill level 5 in Staves
  6982 | D:8      | Reached skill level 5 in Slings
  6982 | D:8      | Reached skill level 5 in Bows
  6982 | D:8      | Reached skill level 5 in Crossbows
  6982 | D:8      | Reached skill level 5 in Throwing
  6982 | D:8      | Reached skill level 5 in Armour
  6982 | D:8      | Reached skill level 5 in Shields
  6982 | D:8      | Reached skill level 5 in Unarmed Combat
  6982 | D:8      | Reached skill level 5 in Spellcasting
  6982 | D:8      | Reached skill level 5 in Evocations
  7237 | D:8      | Killed a death yak
  7570 | D:8      | Found a staircase to the Lair.
  7584 | D:8      | Identified the +1 ring mail of the Forest {Harm}
  7671 | D:8      | Found a staircase to the Lair.
  8497 | D:8      | Killed a death yak
  8498 | D:8      | Reached skill level 11 in Stealth
  8629 | D:8      | Found a broken altar of Ashenzari.
  8996 | D:9      | Found a flagged portal.
  9016 | Bailey   | Entered a bailey
  9024 | Bailey   | Noticed an orc knight
  9028 | Bailey   | Noticed an orc knight
  9147 | Bailey   | Killed an orc knight
  9148 | Bailey   | Reached XP level 11. HP: 7/87 MP: 19/19
  9548 | Bailey   | Identified the +0 arbalest "Demonbane" {elec, Str+2 Dex+4
                  | SInv}
  9676 | Bailey   | Killed an orc knight
  9990 | D:9      | Reached skill level 5 in Conjurations
  9990 | D:9      | Reached skill level 5 in Hexes
  9990 | D:9      | Reached skill level 5 in Summonings
  9990 | D:9      | Reached skill level 5 in Necromancy
  9990 | D:9      | Reached skill level 5 in Translocations
  9990 | D:9      | Reached skill level 5 in Transmutations
  9990 | D:9      | Reached skill level 5 in Fire Magic
  9990 | D:9      | Reached skill level 5 in Ice Magic
  9990 | D:9      | Reached skill level 5 in Air Magic
  9990 | D:9      | Reached skill level 5 in Earth Magic
  9990 | D:9      | Reached skill level 5 in Poison Magic
 10533 | D:8      | Paralysed by a hornet for 2 turns
 11325 | D:9      | Found a staircase to the Orcish Mines.
 11441 | D:10     | Entered Level 10 of the Dungeon
 12083 | D:4      | Bought the +2 Maxwell's thermic engine {flame, freeze} for
                  | 924 gold pieces
 12083 | D:4      | Found the +2 Maxwell's thermic engine {flame, freeze}
 14406 | D:10     | Noticed a cyclops
 14409 | D:10     | Killed a cyclops
 14867 | D:10     | Noticed a cyclops
 14872 | D:10     | Killed a cyclops
 15101 | D:10     | Reached XP level 12. HP: 93/96 MP: 22/22
 15604 | Lair:1   | Entered Level 1 of the Lair of Beasts
 16890 | Lair:2   | Found a hole to the Spider Nest.
 17380 | Lair:2   | Reached skill level 10 in Fighting
 17380 | Lair:2   | Reached skill level 12 in Stealth
 17380 | Lair:2   | Reached XP level 13. HP: 103/103 MP: 22/24
 18863 | Lair:2   | Found a staircase to the Swamp.
 19072 | Lair:3   | Reached XP level 14. HP: 111/111 MP: 26/26
 19657 | Lair:2   | Reached skill level 10 in Polearms
 19657 | Lair:2   | Reached skill level 10 in Dodging
 21928 | Lair:5   | Reached skill level 10 in Invocations
 21982 | Lair:5   | Identified a scroll of acquirement
 21983 | Lair:5   | Acquired a +1 pair of boots of flying
 22066 | Lair:5   | You are sucked into a shaft and drop 1 floor!
 22066 | Lair:6   | Entered Level 6 of the Lair of Beasts
 22113 | Lair:6   | Found a dark tunnel.
 22122 | Volcano  | Entered a volcano
 22482 | Volcano  | Found a burning altar of Makhleb.
 23178 | Lair:5   | Reached XP level 15. HP: 119/119 MP: 28/28
 23245 | Lair:5   | Reached skill level 13 in Stealth
 23346 | Lair:5   | You are sucked into a shaft and drop 1 floor!
 23984 | Lair:6   | Found a viscous altar of Jiyva.
 23984 | Lair:6   | Found a staircase to the Slime Pits.
 24718 | Lair:6   | Reached skill level 10 in Short Blades
 24718 | Lair:6   | Reached skill level 10 in Long Blades
 24718 | Lair:6   | Reached skill level 10 in Axes
 24718 | Lair:6   | Reached skill level 10 in Maces & Flails
 24718 | Lair:6   | Reached skill level 10 in Staves
 24718 | Lair:6   | Reached skill level 10 in Slings
 24718 | Lair:6   | Reached skill level 10 in Bows
 24718 | Lair:6   | Reached skill level 10 in Crossbows
 24718 | Lair:6   | Reached skill level 10 in Throwing
 24718 | Lair:6   | Reached skill level 10 in Armour
 24718 | Lair:6   | Reached skill level 10 in Shields
 24718 | Lair:6   | Reached skill level 10 in Unarmed Combat
 24718 | Lair:6   | Reached skill level 10 in Spellcasting
 24718 | Lair:6   | Reached skill level 10 in Evocations
 24760 | Lair:6   | Found a large runed translucent door.
 24762 | Lair:6   | Found a large runed translucent door.
 25610 | Lair:6   | Killed from afar by an ice dragon

Illustrated notes

Levels and vault maps discovered:
D:1:      psy_arrival_dodecagon, layout_loops_cross, minivault_4,
          minmay_rat_gold_closets
D:2:      layout_loops_cross, basic_ecumenical_altar, grunt_decor_one_mirror
D:3:      layout_loops_corners, serial_glass, glass_columns_c, glass_columns_a
D:4:      layout_loops_corners, serial_shops, shop, lemuel_old_faithful
D:5:      layout_basic, hangedman_decor_lopped, kennysheep_generic_room_13
D:6:      layout_basic, minmay_temple_entry_arrows
D:7:      layout_rooms, serial_shops, shop
D:8:      layout_loops_ring, grunt_ashenzari_visionary
          [grunt_ashenzari_visionary_swamp, grunt_ashenzari_visionary_spider],
          dpeg_lair_monsters, kennysheep_doodads
D:9:      layout_roguey, erik_orc_2, enter_bailey_3, nicolae_water_bricks,
          item_on_display_a
D:10:     layout_irregular_city, grunt_potential
Temple:   compressed_dpeg_circular_temple
Lair:1:   layout_roguey, grunt_megastairs_5
Lair:2:   layout_hall_layers, nicolae_swamp_entry_splash_gauntlet,
          dummy_spider_entry, minmay_shattered_shrine
Lair:3:   nzn_winding_woodlands_stair_trap
          [nzn_winding_woodlands_5x15_river_crossing,
          nzn_winding_woodlands_5x15_default, nzn_winding_woodlands_5x15_cabin,
          nzn_winding_woodlands_15x15_killbox,
          nzn_winding_woodlands_5x15_longhouse,
          nzn_winding_woodlands_5x15_crooked,
          nzn_winding_woodlands_5x15_lazy_stream], layout_gridlike,
          nzn_random_ring
Lair:4:   layout_regular_city, grunt_megastairs_2, minmay_lair_oklob_chamber
Lair:5:   layout_cave_pods
Lair:6:   cheibrodos_lair_end_hotspot, layout_long_grid, slime_altar_1,
          nicolae_volcano_entry_lava_flow, ice2_lemuel

Skill      XL: |  1  2  3  4  5  6  7  8  9 10 11 12 13 14 15 |
---------------+----------------------------------------------+-----
Stealth        | 10 11 12 13 | 13.4
Invocations    | 1 2 3 4 5 6 7 8 9 10 11 | 11.0
Short Blades   | 1 2 3 4 5 6 7 8 9 10 | 10.2
Long Blades    | 1 2 3 4 5 6 7 8 9 10 | 10.2
Axes           | 1 2 3 4 5 6 7 8 9 10 | 10.2
Maces & Flails | 1 2 3 4 5 6 7 8 9 10 | 10.2
Staves         | 1 2 3 4 5 6 7 8 9 10 | 10.2
Slings         | 1 2 3 4 5 6 7 8 9 10 | 10.2
Bows           | 1 2 3 4 5 6 7 8 9 10 | 10.2
Crossbows      | 1 2 3 4 5 6 7 8 9 10 | 10.2
Throwing       | 1 2 3 4 5 6 7 8 9 10 | 10.2
Armour         | 1 2 3 4 5 6 7 8 9 10 | 10.2
Shields        | 1 2 3 4 5 6 7 8 9 10 | 10.2
Unarmed Combat | 1 2 3 4 5 6 7 8 9 10 | 10.2
Spellcasting   | 1 2 3 4 5 6 7 8 9 10 | 10.2
Evocations     | 1 2 3 4 5 6 7 8 9 10 | 10.2
Conjurations   | 1 2 3 4 5 6 7 8 |  8.6
Hexes          | 1 2 3 4 5 6 7 8 |  8.6
Summonings     | 1 2 3 4 5 6 7 8 |  8.6
Necromancy     | 1 2 3 4 5 6 7 8 |  8.6
Translocations | 1 2 3 4 5 6 7 8 |  8.6
Transmutations | 1 2 3 4 5 6 7 8 |  8.6
Fire Magic     | 1 2 3 4 5 6 7 8 |  8.6
Ice Magic      | 1 2 3 4 5 6 7 8 |  8.6
Air Magic      | 1 2 3 4 5 6 7 8 |  8.6
Earth Magic    | 1 2 3 4 5 6 7 8 |  8.6
Poison Magic   | 1 2 3 4 5 6 7 8 |  8.6
Polearms       | 5 6 7 8 9 10 11 | 11.1
Dodging        | 5 6 7 8 9 10 11 | 11.1
Fighting       | 7 8 9 10 11 | 11.9

Action                   |  1- 3 |  4- 6 |  7- 9 | 10-12 | 13-15 || total
-------------------------+-------+-------+-------+-------+-------++-------
Melee: Spear             |    39 |       |       |       |       ||    39
       Bite              |     2 |       |       |    11 |   183 ||   196
       Trident           |       |       |       |    43 |       ||    43
       Double sword      |       |       |       |    30 |   174 ||   204
       Hand axe          |       |       |       |    13 |       ||    13
       Broad axe         |       |       |       |       |   835 ||   835
 Fire: Fustibalus        |    18 |   142 |   214 |   550 |   379 ||  1303
Invok: Potion Petition   |       |       |       |       |     5 ||     5
Evoke: Wand              |       |       |       |    15 |     1 ||    16
  Use: Potion            |       |       |       |     6 |     8 ||    14
       Scroll            |       |       |       |    10 |    22 ||    32
 Stab: Sleeping          |     1 |       |       |     1 |    17 ||    19
       Paralysed         |       |       |       |     1 |       ||     1
       Distracted        |       |       |       |       |     7 ||     7
Armor: Leather armour    |     3 |       |       |       |       ||     3
       Ring mail         |       |     1 |    19 |    17 |       ||    37
       Scale mail        |       |       |       |   118 |   455 ||   573
       Skin              |       |       |       |    30 |    22 ||    52
Dodge: Dodged            |    23 |    12 |    24 |   102 |   742 ||   903
Block: Kite shield       |       |       |    38 |   166 |   862 ||  1066
       Reflection        |       |       |       |     2 |       ||     2
       Rpst.: Double sword |       |       |       |       |    25 ||    25

Table legend: (Time is in decaauts)
 A = Elapsed time spent in this place.
 B = Non-inter-level travel time spent in this place.
 C = Inter-level travel time spent in this place.
 D = Time resting spent in this place.
 E = Time spent auto-exploring this place.
 F = Levels seen in this place.
 G = Mean time per level.
                   A        B        C        D        E       F      G
               +--------+--------+--------+--------+--------+-----+--------+
         Total |  26202 |  24736 |   1466 |   2120 |  17095 |  19 | 1379.1 |
       Dungeon |  14832 |  13820 |   1012 |   1811 |   9594 |  10 | 1483.2 |
        Temple |     82 |     53 |     29 |      0 |     35 |   1 |   82.0 |
          Lair |   9919 |   9495 |    424 |    253 |   6591 |   6 | 1653.2 |
        Bailey |    962 |    962 |      0 |      0 |    737 |   1 |  962.0 |
       Volcano |    405 |    405 |      0 |     56 |    137 |   1 |  405.0 |
               +--------+--------+--------+--------+--------+-----+--------+

Top non-repeatable levels by time:
     D:9: 3533 daAuts
     D:8: 2319 daAuts
  Lair:5: 2028 daAuts
  Lair:1: 1928 daAuts
  Lair:2: 1673 daAuts
  Lair:3: 1620 daAuts
     D:6: 1559 daAuts
    D:10: 1558 daAuts
  Lair:6: 1449 daAuts
     D:4: 1334 daAuts
  Lair:4: 1220 daAuts
     D:3: 1211 daAuts
  Bailey: 962 daAuts
     D:7: 948 daAuts
     D:5: 909 daAuts
